 Dungeon Crawl Stone Soup version 0.29.1-1-gd02db6906a (webtiles) character file.

Game seed: 17181377300558308393

61579 nonceun the Severer (level 14, -4/121 HPs)
             Began as a Minotaur Berserker on Sept 28, 2022.
             Was a Priest of Trog.
             Slain by a two-headed ogre
             ... wielding a +0 giant club
              (13 damage)
             ... on level 14 of the Dungeon on Sept 29, 2022.
             The game lasted 02:09:55 (23233 turns).

nonceun the Severer (Minotaur Berserker)           Turns: 23233, Time: 02:09:56

Health: -4/121     AC: 21    Str: 27    XL:     14   Next: 61%
Magic:  4/4        EV: 15    Int:  4    God:    Trog [***...]
Gold:   1200       SH:  0    Dex: 13    Spells: 13/13 levels left

rFire   . . .      SeeInvis .   a - +2 executioner's axe (antimagic)
rCold   . . .      Faith    .   (shield currently unavailable)
rNeg    . . .      Spirit   .   Q - +0 plate armour
rPois   .          Reflect  .   (helmet restricted)
rElec   .          Harm     .   B - +1 cloak
rCorr   .          Rampage  .   P - +0 pair of gloves {Stlth+}
Will    +++..      Rage     3%  d - +1 pair of boots
Stlth   ..........              e - amulet "Fecolo Koleo" {Regen+ Dex+3}
HPRegen 2.10/turn               n - +4 ring of evasion
MPRegen 0.09/turn               V - +4 ring of slaying

@: about to teleport, strong-willed, regenerating
A: horns 2, retaliatory headbutt, camouflage 1, berserk 1, frail 1, wild magic
1, no potion heal 1
a: Renounce Religion, Berserk, Trog's Hand


You were on level 14 of the Dungeon.
You worshipped Trog.
Trog was most pleased with you.
You visited 2 branches of the dungeon, and saw 19 of its levels.
You also visited: Ossuary.

You collected 2102 gold pieces.
You spent 902 gold pieces at shops.

Inventory:

Hand Weapons
 a - a +2 antimagic executioner's axe (weapon)
Missiles
 b - 50 stones
 A - 2 boomerangs of dispersal
 T - 5 curare-tipped darts (quivered)
Armour
 d - a +1 pair of boots (worn)
 m - a +2 chain mail of poison resistance
 B - a +1 cloak (worn)
 P - a +0 pair of gloves of stealth (worn)
 Q - a +0 plate armour (worn)
Jewellery
 e - the amulet "Fecolo Koleo" (around neck) {Regen+ Dex+3}
   (You found it on level 5 of the Lair of Beasts)

   [amulet of regeneration]

   Dex:       It affects your dexterity (+3).
   Regen:     It increases your rate of health regeneration.
 h - a ring of magical power
 k - a ring of resist corrosion
 n - a +4 ring of evasion (left hand)
 I - a +6 ring of intelligence
 K - a ring of ice
 L - an amulet of guardian spirit
 V - a +4 ring of slaying (right hand)
Wands
 x - a wand of flame (33)
 F - a wand of paralysis (14)
 H - a wand of iceblast (44)
 M - a wand of mindburst (4)
Scrolls
 i - 4 scrolls of identify
 l - 11 scrolls of teleportation
 t - 3 scrolls of immolation
 v - 4 scrolls of fear {unknown}
 y - 6 scrolls of fog
 G - 2 scrolls of blinking
 J - 4 scrolls of summoning
 S - 2 scrolls of acquirement
Potions
 c - 5 potions of haste
 f - 4 potions of ambrosia
 g - 13 potions of curing
 j - 5 potions of resistance
 p - 3 potions of cancellation
 r - 5 potions of flight
 s - a potion of might
 u - 4 potions of degeneration {unknown}
 z - 8 potions of lignification
 D - a potion of heal wounds
 E - 2 potions of magic
Miscellaneous
 q - a lightning rod (4/4)
 U - a tin of tremorstones (2/2)


   Skills:
 + Level 15.1 Fighting
 + Level 20.4 Axes
 * Level 11.1 Armour
 * Level 10.5 Dodging
 * Level 7.5 Evocations


You had 13 spell levels left.
You didn't know any spells.
Your spell library contained the following spells:

 Spells                   Type           Power      Damage    Failure   Level
 Apportation              Tloc           0%         N/A       99%         1
 Necrotise                Necr           0%         1d4       99%         1
 Summon Small Mammal      Summ           0%         N/A       99%         1
 Ensorcelled Hibernation  Hex/Ice        0%         N/A       100%        2
 Static Discharge         Conj/Air       0%         3-3/arc   100%        2
 Sublimation of Blood     Necr           0%         N/A       100%        2
 Call Canine Familiar     Summ           0%         N/A       100%        3
 Confusing Touch          Hex            0%         N/A       100%        3
 Gell's Gravitas          Tloc           0%         N/A       100%        3
 Lesser Beckoning         Tloc           0%         N/A       100%        3
 Portal Projectile        Hex/Tloc       0%         N/A       100%        3
 Spider Form              Tmut/Pois      0%         N/A       100%        3
 Summon Guardian Golem    Hex/Summ       0%         N/A       100%        3
 Teleport Other           Tloc           0%         N/A       100%        3
 Anguish                  Hex/Necr       0%         N/A       100%        4
 Dispel Undead            Necr           0%         3d6       100%        4
 Leda's Liquefaction      Hex/Erth       0%         N/A       100%        4
 Petrify                  Tmut/Erth      0%         N/A       100%        4
 Sticky Flame             Conj/Fire      0%         2d3       100%        4
 Irradiate                Conj/Tmut      0%         3d11      100%        5
 Lee's Rapid Deconstruct  Erth           0%         3d5*      100%        5
 Yara's Violent Unravell  Hex/Tmut       0%         3d3       100%        5
 Statue Form              Tmut/Erth      0%         N/A       100%        6
 Enfeeble                 Hex            0%         N/A       100%        7
 Orb of Destruction       Conj           0%         9d5       100%        7
 Spellforged Servitor     Conj/Summ      0%         N/A       100%        7


Dungeon Overview and Level Annotations

Branches:
Dungeon (14/15)            Temple (0/1) D:4            Lair (5/5) D:10
  Swamp (0/4) Lair:2        Snake (0/4) Lair:2        Slime (0/5) Lair:4
    Orc (0/2) D:11        Ossuary (visited)
 Vaults: D:13-14

Altars:
Dithmenos
Elyvilon
Fedhas
Nemelex Xobeh
Qazlal
Uskayaw
Yredelemnul
Jiyva

Shops:
D:2 [   D:8 ?   D:11 ?

Annotations:
D:9 exclusion: downstairs
Lair:3 3 runed translucent doors, turdburglar's ghost, journeyman MiGl


Innate Abilities, Weirdness & Mutations

You have a pair of horns on your head.
You reflexively headbutt those who attack you in melee.
Your skin changes colour to match your surroundings (Stealth+).
You sometimes lose your temper in combat.
You are frail. (-10% HP)
Your spells are a little harder to cast, but a little more powerful.
Potions are less effective at restoring your health.


Message History

You kill the cyclops!
Trog accepts your kill.
You now have 1200 gold pieces (gained 20).
A yaktaur and a two-headed ogre come into view.
The yaktaur shouts!
The two-headed ogre shouts in stereo!
You hear a shout! x2
You hear two shouts!
You hear a shout! x2
A centaur warrior comes into view. It is wielding a +0 falchion.
The yaktaur wields a +0 arbalest.
The yaktaur shoots a bolt.
The bolt hits you!!
A deep elf pyromancer and an ogre mage come into view.
The deep elf pyromancer shouts!
The ogre mage shouts!
You hear a shout!
The centaur warrior unwields a +0 falchion.
The centaur warrior wields a +0 longbow.
The centaur warrior shoots an arrow.
The arrow closely misses you.
A deep elf pyromancer comes into view. It is wielding a +0 long sword.
A yaktaur comes into view.
The deep elf pyromancer gestures wildly while chanting.
The deep elf pyromancer blinks!
The yaktaur shoots a bolt.
The bolt hits you!!
The deep elf pyromancer moves out of view.
You hear a shout!
You hear two shouts!
The centaur warrior shoots an arrow.
The arrow hits you!
The two-headed ogre hits you with a +0 giant club!!
The two-headed ogre hits you with a +0 giant spiked club!
The ogre mage gestures at you while chanting.
The bolt of magma hits you!!
* * * LOW HITPOINT WARNING * * *
The ogre mage hits you with a +0 whip!
* * * LOW HITPOINT WARNING * * *
A two-headed ogre comes into view. It is wielding two +0 giant clubs.
As you read the scroll of identify, it crumbles to dust.
p - 3 potions of cancellation The centaur warrior shoots an arrow.
The arrow misses you.
As you read the scroll of teleportation, it crumbles to dust.
You feel strangely unstable. The ogre mage barely misses you.
The two-headed ogre closely misses you.
The two-headed ogre hits you but does no damage.
Your skin crawls.
You feel strong-willed.
The two-headed ogre hits you with a +0 giant club!
You die...

ยง #. ##. #.#..#c#
#.#..#.# .........
##.#e.#c#######
..............#
..............#
##.#..#c#####.###
......c.O@# #...##
##.#..#.##OO#....#
# #..#.# #.###..#
#. ##. .# #..# #.
. # #..###### # #
####.......#
##......#####
#.......#####
#...........#


You could see a centaur warrior, 2 two-headed ogres, an ogre mage, a yaktaur and
a deep elf pyromancer.

Vanquished Creatures
  Jorgrun (D:13)
  Kirke (D:12)
  A dire elephant (Lair:5)
  Josephine (D:10)
  A great orb of eyes (D:13)
  Fannar (D:11)
  2 hydras (D:13)
  2 boulder beetles
  Erica (D:11)
  Erolcha (D:12)
  3 centaur warriors (D:13)
  2 tengu warriors (D:13)
  A spectral dire elephant (Lair:5)
  5 death yaks
  Nergalle (D:12)
  Sonja (D:10)
  Amaemon (Lair:2)
  Lodul (D:13)
  A spectral anaconda (Lair:5)
  A spectral death yak (Lair:5)
  A bog body (Lair:2)
  2 ugly things
  An obsidian statue (Lair:5)
  4 necromancers (Lair:5)
  14 elephants
  A wolf spider (D:13)
  3 cyclopes
  Maurice (D:8)
  A manticore (D:13)
  Joseph (D:7)
  3 black mambas
  8 cane toads
  An orange demon (Lair:2)
  A gargoyle (D:12)
  A torpor snail (Lair:5)
  8 komodo dragons
  An unseen horror (D:11)
  2 rime drakes
  4 trolls
  A slime creature (D:13)
  6 blink frogs
  6 dream sheep (Lair:5)
  5 wraiths
  39 yaks
  3 wyverns
  A dire elephant simulacrum (Lair:5)
  3 basilisks
  5 hogs (D:12)
  A human (D:10)
  3 steam dragons
  Grum (D:10)
  5 vampire mosquitoes
  A death yak simulacrum (Lair:5)
  2 acid dragons
  20 water moccasins
  2 black bears
  An ice beast (D:6)
  5 orc warriors
  12 ogres
  2 sky beasts
  An elephant zombie (Lair:5)
  10 wolves
  15 centaurs
  2 elephant skeletons (Lair:5)
  2 phantoms (D:5)
  10 bullfrogs
  4 kobold brigands
  2 scorpions
  6 gnoll sergeants
  2 necrophages (D:6)
  2 cane toad simulacra (Lair:5)
  9 wights
  5 killer bees
  2 vampire bats (Lair:5)
  2 electric eels (Lair:3)
  7 howler monkeys
  A jelly (D:4)
  3 hounds
  11 orc priests
  Crazy Yiuf (D:7)
  6 iguanas
  9 orc wizards
  8 mummies (Ossuary)
  10 gnolls
  8 adders
  2 shadow imps
  3 white imps
  2 ufetubi (D:4)
  2 dart slugs
  40 orcs
  6 endoplasms
  3 giant cockroaches
  4 goblins
  5 hobgoblins
  7 quokkas
  5 ball pythons
  5 bats
  6 frilled lizards
  A gnoll zombie (Ossuary)
  A jackal skeleton (D:10)
  15 kobolds
  4 kobold zombies (Ossuary)
  3 orc zombies (Ossuary)
  A rat (D:1)
464 creatures vanquished.

Vanquished Creatures (collateral kills)
  A dire elephant (Lair:5)
  2 hydras
  A komodo dragon (Lair:4)
  A yak (Lair:5)
  A human (shapeshifter) (D:13)
  A wolf (Lair:1)
  2 bats (Lair:5)
9 creatures vanquished.

Vanquished Creatures (others)
  An elephant (Lair:5)
  2 gnolls (D:12)
  67 fungi
  88 plants
  22 withered plants (Lair:5)
180 creatures vanquished.

Grand Total: 653 creatures vanquished

Notes
Turn   | Place    | Note
-------+----------+-------------------------------------------
     0 | D:1      | nonceun the Minotaur Berserker began the quest for the Orb.
     0 | D:1      | Reached XP level 1. HP: 19/19 MP: 0/0
    92 | D:1      | Reached skill level 4 in Axes
   456 | D:2      | Reached XP level 2. HP: 26/26 MP: 1/1
   460 | D:2      | Reached skill level 5 in Axes
   463 | D:2      | Reached XP level 3. HP: 31/31 MP: 2/2
  1251 | D:2      | Reached XP level 4. HP: 39/39 MP: 3/3
  1272 | D:2      | Reached skill level 6 in Axes
  1315 | D:2      | Found Folayfij's Antique Armour Shop.
  2052 | D:3      | Found a faded altar of an unknown god.
  2055 | D:3      | Reached ** piety under Trog
  2740 | D:4      | Identified the +3 quarterstaff "Hedael" {spect, rCorr MP+9
                  | Str+4}
  2884 | D:4      | Noticed a sky beast
  2908 | D:4      | Killed a sky beast
  2909 | D:4      | Reached skill level 7 in Axes
  2909 | D:4      | Reached XP level 5. HP: 5/45 MP: 4/4
  3193 | D:4      | Found a shadowy altar of Dithmenos.
  3429 | D:4      | Reached skill level 8 in Axes
  3440 | D:4      | Reached XP level 6. HP: 30/51 MP: 5/5
  3792 | D:4      | Found a staircase to the Ecumenical Temple.
  3911 | D:4      | Found a stormy altar of Qazlal.
  4038 | D:4      | Found a white marble altar of Elyvilon.
  4922 | D:2      | Bought a glowing cloak for 165 gold pieces
  4922 | D:2      | Bought a pair of boots for 99 gold pieces
  5010 | D:5      | Entered Level 5 of the Dungeon
  5071 | D:5      | Found a sand-covered staircase.
  5084 | Ossuary  | Entered an ossuary
  5150 | Ossuary  | Reached skill level 9 in Axes
  5396 | D:5      | Noticed a water moccasin
  5492 | D:5      | Reached XP level 7. HP: 54/57 MP: 6/6
  5570 | D:5      | Reached skill level 10 in Axes
  6052 | D:5      | Reached skill level 11 in Axes
  6052 | D:5      | Reached skill level 1 in Evocations
  6492 | D:6      | Reached XP level 8. HP: 64/64 MP: 7/7
  6604 | D:6      | Reached skill level 12 in Axes
  7178 | D:6      | Reached skill level 13 in Axes
  7366 | D:6      | Reached skill level 14 in Axes
  7688 | D:6      | Reached XP level 9. HP: 64/71 MP: 6/8
  8299 | D:7      | Reached *** piety under Trog
  8488 | D:7      | Found a hide-covered altar of Uskayaw.
  8650 | D:7      | Noticed Joseph
  8666 | D:7      | Killed Joseph
  8667 | D:7      | Reached skill level 5 in Fighting
  8667 | D:7      | Reached skill level 15 in Axes
  8911 | D:7      | Found a runed translucent door.
  8912 | D:7      | Noticed Crazy Yiuf
  8917 | D:7      | Killed Crazy Yiuf
  9769 | D:8      | Found Perr's Magic Scroll Shoppe.
  9774 | D:8      | Noticed Maurice
  9788 | D:8      | Killed Maurice
  9789 | D:8      | Reached XP level 10. HP: 83/83 MP: 9/9
  9809 | D:8      | Bought a scroll of identify for 22 gold pieces
  9809 | D:8      | Bought a scroll of teleportation for 33 gold pieces
  9809 | D:8      | Bought a scroll of identify for 22 gold pieces
  9809 | D:8      | Bought a scroll of identify for 22 gold pieces
  9809 | D:8      | Bought a scroll of identify for 22 gold pieces
  9809 | D:8      | Bought a scroll of poison for 44 gold pieces
 10053 | D:9      | Reached **** piety under Trog
 10739 | D:9      | Reached skill level 5 in Armour
 11058 | D:9      | Found a blossoming altar of Fedhas.
 11251 | D:10     | Entered Level 10 of the Dungeon
 11251 | D:10     | Noticed Sonja
 11255 | D:10     | Killed Sonja
 11256 | D:10     | Reached skill level 16 in Axes
 11326 | D:10     | Reached skill level 5 in Dodging
 11798 | D:10     | Found a staircase to the Lair.
 12025 | D:10     | Noticed Josephine
 12029 | D:10     | Noticed Grum
 12149 | D:10     | Reached skill level 10 in Fighting
 12177 | D:10     | Found a runed translucent door.
 12178 | D:10     | Found a basalt altar of Yredelemnul.
 12339 | D:10     | Reached XP level 11. HP: 96/99 MP: 10/10
 12453 | D:10     | Killed Grum
 12460 | D:10     | Killed Josephine
 12737 | Lair:1   | Entered Level 1 of the Lair of Beasts
 12903 | Lair:1   | Noticed a six-headed hydra
 13292 | Lair:2   | Noticed Amaemon
 13367 | Lair:2   | Found a staircase to the Snake Pit.
 13373 | Lair:2   | Found a staircase to the Swamp.
 13373 | Lair:2   | Noticed a bog body
 13384 | Lair:2   | Killed a bog body
 13406 | Lair:2   | Killed Amaemon
 14063 | Lair:2   | Reached XP level 12. HP: 108/112 MP: 9/11
 14239 | Lair:3   | Found a runed translucent gate.
 14239 | Lair:3   | Found a runed translucent gate.
 14239 | Lair:3   | Found a runed translucent gate.
 14239 | Lair:3   | Found a viscous altar of Jiyva.
 14239 | Lair:3   | Noticed a great orb of eyes
 14239 | Lair:3   | Noticed turdburglar's ghost (journeyman MiGl)
 14289 | Lair:3   | Reached skill level 17 in Axes
 15566 | Lair:4   | Reached skill level 5 in Evocations
 15607 | Lair:4   | Noticed a death yak
 15611 | Lair:4   | Noticed a death yak
 15615 | Lair:4   | Noticed a death yak
 15616 | Lair:4   | Noticed a death yak
 15634 | Lair:4   | Killed a death yak
 15643 | Lair:4   | Killed a death yak
 15647 | Lair:4   | Killed a death yak
 15649 | Lair:4   | Killed a death yak
 15658 | Lair:4   | Noticed a boulder beetle
 15662 | Lair:4   | HP: 3/115 [boulder beetle (37)]
 15671 | Lair:4   | Killed a boulder beetle
 15672 | Lair:4   | Reached skill level 18 in Axes
 16183 | Lair:4   | Found a viscous altar of Jiyva.
 16183 | Lair:4   | Found a staircase to the Slime Pits.
 16668 | Lair:1   | Found a sparkling altar of Nemelex Xobeh.
 16876 | Lair:1   | Killed a seven-headed hydra
 17469 | D:11     | Noticed Fannar
 17477 | D:11     | Noticed Erica
 17703 | D:11     | Killed Erica
 17711 | D:11     | Reached XP level 13. HP: 94/122 MP: 10/12
 17983 | D:11     | Reached skill level 10 in Armour
 18375 | D:11     | Killed Fannar
 18502 | D:11     | Found Sulirap's Magic Scroll Boutique.
 18514 | D:11     | Bought a scroll of amnesia for 52 gold pieces
 18514 | D:11     | Bought a scroll of torment for 123 gold pieces
 18514 | D:11     | Bought a scroll of blinking for 97 gold pieces
 18514 | D:11     | Bought a scroll of enchant weapon for 97 gold pieces
 18514 | D:11     | Bought a scroll of fog for 52 gold pieces
 18514 | D:11     | Bought a scroll of identify for 26 gold pieces
 18514 | D:11     | Bought a scroll of identify for 26 gold pieces
 18521 | D:11     | Gained mutation: You sometimes lose your temper in combat.
                  | [potion of mutation]
 18521 | D:11     | Gained mutation: You passively map a small area around you.
                  | [potion of mutation]
 18521 | D:11     | Gained mutation: Your muscles are strong. (Str +4, Int/Dex
                  | -1) [potion of mutation]
 18684 | D:11     | Found a staircase to the Orcish Mines.
 19009 | D:12     | Noticed Kirke
 19017 | D:12     | Noticed a sphinx
 19022 | D:12     | Killed Kirke
 19038 | D:12     | Lost mutation: Your muscles are strong. (Str +4, Int/Dex
                  | -1) [potion of mutation]
 19038 | D:12     | Lost mutation: You passively map a small area around you.
                  | [potion of mutation]
 19038 | D:12     | Gained mutation: Your spells are a little harder to cast,
                  | but a little more powerful. [potion of mutation]
 19038 | D:12     | Gained mutation: You are frail. (-10% HP) [potion of
                  | mutation]
 19038 | D:12     | Gained mutation: Potions are less effective at restoring
                  | your health. [potion of mutation]
 19038 | D:12     | Gained mutation: Your skin changes colour to match your
                  | surroundings (Stealth+). [potion of mutation]
 19450 | D:12     | Noticed Nergalle
 19464 | D:12     | Killed Nergalle
 19465 | D:12     | Reached skill level 19 in Axes
 19708 | D:12     | Noticed Erolcha
 19711 | D:12     | Killed Erolcha
 20099 | Lair:5   | Entered Level 5 of the Lair of Beasts
 20132 | Lair:5   | Reached ***** piety under Trog
 20311 | Lair:5   | Noticed a dire elephant
 20311 | Lair:5   | Noticed a dire elephant
 21239 | Lair:5   | Reached XP level 14. HP: 96/119 MP: 7/13
 21239 | Lair:5   | Received a gift from Trog
 21502 | Lair:5   | Reached skill level 20 in Axes
 21553 | Lair:5   | Identified the amulet "Fecolo Koleo" {Regen+ Dex+3}
 21918 | Lair:1   | Identified 2 scrolls of acquirement
 22003 | D:13     | Reached skill level 10 in Dodging
 22054 | D:13     | Reached skill level 15 in Fighting
 22309 | D:13     | Noticed Lodul
 22318 | D:13     | Killed Lodul
 22485 | D:13     | Noticed Jorgrun
 22502 | D:13     | Killed Jorgrun
 23230 | D:14     | HP: 4/121 [ogre mage/+0 whip (8)]
 23233 | D:14     | Slain by a two-headed ogre

Illustrated notes

Levels and vault maps discovered:
D:1:      lemuel_arrival_rhombus, layout_rooms, dreamdust_mushroom_princess
D:2:      wad_woods_pond, layout_basic, serial_shops, nicolae_shop_waterfront
D:3:      layout_basic, dreamdust_ecumenical_altar_angels_and_demons,
          serial_bayou, serial_bayou_pond_b, serial_bayou_lagoon_a,
          serial_bayou_crossing, serial_bayou_pond_b
D:4:      layout_basic, mainiacjoe_overflow_two_lobes, amcnicky_altar_gilded,
          temple_green
D:5:      layout_gridville, nicolae_ossuary_entry_ruins
D:6:      layout_loops_corners
D:7:      layout_loops_ring, mainiacjoe_overflow_brackets, uniq_joseph,
          uniq_crazy_yiuf_cottage
D:8:      layout_rooms, serial_shops, shop_coins, uniq_maurice
D:9:      layout_cave_pools, fedhas_altar_fruit_tree
D:10:     layout_roguey, dk_yredelemnul_ordeal, due_lair_maze_entry_diamond,
          minivault_10, uniq_grum, uniq_sonja, uniq_josephine
D:11:     layout_big_octagon, kennysheep_orc_monster_closet_entryway,
          serial_shops, nicolae_shop_behind_doors, uniq_fannar, uniq_erica
D:12:     layout_gridville, uniq_erolcha, uniq_nergalle, uniq_kirke
D:13:     layout_basic, grunt_tough_drop, uniq_lodul, uniq_jorgrun
D:14:     layout_loops_ring, hangedman_vaults_entry_quadrant_bands,
          serial_shops, nicolae_shop_overgrown_old_shop, nicolae_stop_n_shop_2,
          amcnicky_mini_rare_corridor_liquid, gammafunk_ghost_spectres,
          minmay_mirror_moons_of_madness
Lair:1:   layout_layer_cave, basic_altar, grunt_megastairs_2,
          infiniplex_staircase_pool_2, serial_bayou_shore_a
Lair:2:   hellmonk_ruined_rings, layout_cellular_growth,
          skrybe_swamp_entry_bodies, dummy_snake_entry, grunt_megastairs_4,
          uniq_amaemon
Lair:3:   layout_long_grid, gammafunk_ghost_ooze, disabler_island
Lair:4:   layout_cave_shapes, dpeg_slime_entry_enclosed, serial_bayou_shore_b
Lair:5:   due_jungle_book, layout_long_grid, roderic_batcave, lemuel_fruit_tree,
          grunt_megastairs_3

Skill      XL: |  1  2  3  4  5  6  7  8  9 10 11 12 13 14 |
---------------+-------------------------------------------+-----
Axes           | 4 5 7 8 9 11 14 15 16 18 19 20 | 20.4
Evocations     | 1 3 4 5 6 7 |  7.5
Fighting       | 6 10 12 13 14 15 | 15.1
Dodging        | 3 5 6 8 9 10 | 10.5
Armour         | 4 5 7 9 10 11 | 11.1

Action                   |  1- 3 |  4- 6 |  7- 9 | 10-12 | 13-15 || total
-------------------------+-------+-------+-------+-------+-------++-------
Melee: Hand axe          |    57 |   183 |   161 |       |       ||   401
       Headbutt          |    15 |    24 |    63 |   109 |    91 ||   302
       Punch             |     1 |     2 |     4 |     7 |       ||    14
       War axe           |       |       |   178 |   410 |       ||   588
       Battleaxe         |       |       |       |    34 |   325 ||   359
       Executioner's axe |       |       |       |       |    86 ||    86
Throw: Stone             |       |    33 |     3 |       |       ||    36
Invok: Berserk           |     1 |     3 |       |     1 |       ||     5
       Trog's Hand       |       |     1 |     8 |    11 |    10 ||    30
       Brothers in Arms  |       |       |       |     3 |     5 ||     8
Evoke: Wand              |       |    12 |    16 |    18 |       ||    46
       Tin of tremorston |       |       |       |     1 |     1 ||     2
  Use: Scroll            |       |       |       |    10 |    14 ||    24
       Potion            |       |       |       |       |     4 ||     4
 Stab: Paralysed         |       |       |     2 |       |       ||     2
       Distracted        |       |       |       |     1 |     1 ||     2
Armor: Ring mail         |     7 |    52 |    30 |       |       ||    89
       Steam dragon scal |       |       |    32 |       |       ||    32
       Scale mail        |       |       |    26 |    25 |       ||    51
       Plate armour      |       |       |       |   167 |   229 ||   396
       Skin              |       |       |       |       |    16 ||    16
Dodge: Dodged            |    13 |    69 |   124 |   175 |   212 ||   593
